 Dungeon Crawl Stone Soup version 0.30-a0-218-gedb9141078 (webtiles) character file.

Game seed: 11267638182378170679

10521 910rd the Zephyrmancer (level 11, -1/63 HPs)
             Began as a Tengu Air Elementalist on Oct 4, 2022.
             Was a Priest of Sif Muna.
             Slain by a wolf (7 damage)
             ... on level 1 of the Lair of Beasts on Oct 5, 2022.
             The game lasted 00:48:56 (14942 turns).

910rd the Zephyrmancer (Tengu Air Elementalist)    Turns: 14942, Time: 00:48:57

Health: -1/63      AC:  5    Str:  8    XL:     11   Next: 63%
Magic:  11/22      EV: 15    Int: 20    God:    Sif Muna [***...]
Gold:   308        SH:  5    Dex: 15    Spells: 6/24 levels left

rFire   . . .      SeeInvis .    A - +1 war axe (venom)
rCold   . . .      Faith    .    o - +0 buckler
rNeg    . . .      Spirit   .    a - +1 robe
rPois   +          Reflect  .    (helmet restricted)
rElec   .          Harm     .    g - +0 cloak
rCorr   .          Rampage  .    c - +0 pair of gloves
Will    .....                    (boots unavailable)
Stlth   ++........               (no amulet)
HPRegen 0.30/turn                J - ring of poison resistance
MPRegen 0.18/turn                (no ring)

@: flying quickly and evasively, quick
A: beak, talons 3, nimble flight
a: Renounce Religion, Channel Magic, Forget Spell


You were on level 1 of the Lair of Beasts.
You worshipped Sif Muna.
Sif Muna was most pleased with you.
You visited 2 branches of the dungeon, and saw 10 of its levels.

You collected 508 gold pieces.
You spent 200 gold pieces at shops.

Inventory:

Hand Weapons
 d - a +0 short sword
 k - a +0 vorpal spear
 p - a +1 quarterstaff
 s - a +0 dagger of freezing
 t - a +2 dagger of draining
 w - a +3 dagger
 x - the +7 quarterstaff "Wab Ugac" {antimagic, rC+ Int+6}
   (You found it on level 6 of the Dungeon)

   It reduces the magical energy of the wielder, and disrupts the spells and
   magical abilities of those it strikes.
   Natural abilities and divine invocations are not affected.
   Int:       It affects your intelligence (+6).
   rC:        It protects you from cold.
 y - a +3 flail of freezing
 z - a +4 war axe
 A - a +1 war axe of venom (weapon)
Missiles
 I - 3 curare-tipped darts
Armour
 a - a +1 robe (worn)
 c - a +0 pair of gloves (worn)
 g - a +0 cloak (worn)
 o - a +0 buckler (worn)
Magical Staves
 N - a staff of death
Jewellery
 J - a ring of poison resistance (left hand)
Wands
 q - a wand of flame (53)
 r - a wand of polymorph (2)
 v - a wand of charming (21)
 D - a wand of quicksilver (10)
 H - a wand of roots (10)
 M - a wand of mindburst (7)
Scrolls
 e - a scroll of acquirement
 i - a scroll of enchant weapon
 u - a scroll of magic mapping
 C - a scroll of butterflies
 K - a scroll of poison
 L - 2 scrolls of enchant armour
Potions
 b - a potion of magic
 f - 5 potions of brilliance
 h - a potion of attraction
 j - 2 potions of resistance
 l - a potion of mutation {unknown}
 m - a potion of flight
 n - 2 potions of haste
 E - a potion of degeneration {unknown}
 F - a potion of lignification {unknown}
 G - a potion of berserk rage {unknown}
 O - 3 potions of might {unknown}


   Skills:
 + Level 5.0 Fighting
 - Level 2.0 Armour
 - Level 3.0 Dodging
 - Level 2.0 Stealth
 - Level 3.0 Shields
 - Level 7.0 Spellcasting
 - Level 10.0 Conjurations
 - Level 3.0 Fire Magic
 - Level 12.0 Air Magic
 - Level 8.0 Invocations
 - Level 3.0 Evocations


You had 6 spell levels left.
You knew the following spells:

 Your Spells              Type           Power      Damage    Failure   Level
a - Shock                 Conj/Air       100%       1d9       1%          1
b - Static Discharge      Conj/Air       100%       2-7/arc   1%          2
c - Airstrike             Air            26%        2d(4-20)  1%          4
d - Lightning Bolt        Conj/Air       25%        1d41      3%          5
e - Kindle Blastsparks    Fire/Tloc/Air  54%        2d14      4%          3
q - Swiftness             Air            53%        N/A       1%          3

Your spell library contained the following spells:

 Spells                   Type           Power      Damage    Failure   Level
 Kiss of Death            Conj/Necr      100%       2d13      1%          1
 Dazzling Flash           Conj/Hex       54%        N/A       4%          3
 Stone Arrow              Conj/Erth      54%        3d10      4%          3
 Sticky Flame             Conj/Fire      33%        2d5       9%          4
 Iskenderun's Mystic Bla  Conj/Tloc      27%        2d7       16%         4
 Freezing Cloud           Conj/Ice/Air   18%        6-21      17%         5
 Passwall                 Tmut/Erth      5%         N/A       19%         2
 Conjure Ball Lightning   Conj/Air       25%        3x3d7     21%         6
 Ignite Poison            Fire/Tmut/Pois 11%        N/A       24%         3
 Confusing Touch          Hex            7%         N/A       36%         3
 Animate Armour           Summ/Erth      14%        N/A       77%         4
 Dispel Undead            Necr           7%         3d8       77%         4
 Starburst                Conj/Fire      16%        6d6       78%         6
 Lehudib's Crystal Spear  Conj/Erth      13%        10d5      100%        8


Dungeon Overview and Level Annotations

Branches:
Dungeon (8/15) Zot: 25132  Temple (0/1) D:7            Lair (2/5) D:8 Zot: 10888
  Swamp: Lair:2-3    Shoals: Lair:2-3     Snake: Lair:2-3    Spider: Lair:2-3

Altars:
Elyvilon
Qazlal
Ru
Sif Muna

Shops:
D:8 *


Innate Abilities, Weirdness & Mutations

You have a beak for a mouth.
You have claws for feet.
Your magical nature lets you fly swiftly and evasively.


Message History

Okay, then.
Okay, then.
Okay, then.
Okay, then.
Aiming: Fastroot
Press: ? - help, Shift-Dir - straight line, f - you The roots erupt in riotous growth!
Roots grab the wolf. x4
The grasping roots constrict the wolf!
You kill the wolf!
Sif Muna accepts your kill.
The grasping roots constrict the wolf. x3; The wolf barely misses you.
The wolf bites you.
* * * LOW HITPOINT WARNING * * *
The wolf bites you.
* * * LOW HITPOINT WARNING * * *
The wolf bites you but does no damage.
Training target 3.0 for Fire Magic reached!
Your Fire Magic skill increases to level 3!
You need to enable at least one skill for training.
You take 11 damage, and have 7/63 hp.
You feel better.
The grasping roots constrict the wolf!
The grasping roots constrict the wolf. x2; The wolf misses you.
You block the wolf's attack. The wolf barely misses you. The wolf misses you.
The wolf bites you but does no damage. The wolf bites you.
* * * LOW HITPOINT WARNING * * *
You regained 6 hp, and now have 13/63 hp.
Casting: Static Discharge (safe; 1% risk of failure)
Confirm with . or Enter, or press ? or * to list all spells.
The wolf is struck by an arc of lightning!
The wolf is severely wounded.
The wolf is struck by an arc of lightning.
The wolf is severely wounded.
The lightning grounds out.
The grasping roots constrict the wolf.
The grasping roots constrict the wolf! x2
The roots release their grip on the wolf. x2
The wolf misses you. The wolf bites you!
* * * LOW HITPOINT WARNING * * *
The wolf bites you!
You die...

#....##..#.#.###.
##..........###.. ######
#............... ##....##
#....(.......... #......###
#......##.......
##........####.........####.
##..........###.....##..# ##
#............##......##.# #
##..........h@........####
##...........hh..#.....# ##
#......(...<รท..........# ###.
#......................# ##...
#......................####....
##......................P#.....
#.#............................
####............#.....P###.....
##..........##....####......


You could see 3 wolves.

Vanquished Creatures
  2 death yaks (Lair:1)
  A two-headed ogre (D:7)
  A black mamba (Lair:1)
  Joseph (D:8)
  2 cane toads (Lair:1)
  A komodo dragon (Lair:2)
  8 yaks
  A spriggan (D:8)
  A basilisk (Lair:1)
  10 water moccasins
  3 ice beasts
  3 orc warriors
  8 black bears
  A sky beast (D:5)
  A wolf (Lair:1)
  An ogre (D:4)
  2 phantoms
  A kobold brigand (D:8)
  5 bullfrogs (D:8)
  5 necrophages
  3 scorpions
  13 wights
  14 killer bees
  5 orc priests
  4 gnoll boudas
  2 hounds
  A jelly (D:8)
  Crazy Yiuf (D:2)
  4 iguanas
  8 orc wizards
  Robin (D:4)
  10 gnolls
  6 adders
  A shadow imp (D:5)
  2 white imps (D:5)
  An ufetubus (D:7)
  2 dart slugs
  25 orcs
  9 endoplasms
  3 giant cockroaches
  19 goblins
  7 hobgoblins
  3 ball pythons
  7 bats
  A frilled lizard (D:3)
  6 kobolds
  9 rats
  A bush (D:7)
226 creatures vanquished.

Vanquished Creatures (collateral kills)
  A scorpion (D:6)
  A gnoll (D:7)
2 creatures vanquished.

Vanquished Creatures (others)
  A gnoll (D:7)
  38 fungi (D:8)
  59 plants
98 creatures vanquished.

Grand Total: 326 creatures vanquished

Notes
Turn   | Place    | Note
-------+----------+-------------------------------------------
     0 | D:1      | 910rd the Tengu Air Elementalist began the quest for the
                  | Orb.
     0 | D:1      | Reached XP level 1. HP: 10/10 MP: 4/4
   159 | D:1      | Reached XP level 2. HP: 15/15 MP: 3/6
   339 | D:1      | Reached skill level 5 in Air Magic
   689 | D:1      | Reached skill level 1 in Fighting
   694 | D:1      | Learned a level 2 spell: Static Discharge
   740 | D:1      | Found a faded altar of an unknown god.
   893 | D:1      | Reached XP level 3. HP: 20/20 MP: 4/7
  1230 | D:2      | Learned a level 3 spell: Swiftness
  1506 | D:2      | Reached XP level 4. HP: 26/26 MP: 3/8
  1628 | D:2      | Found a runed translucent door.
  1629 | D:2      | Noticed Crazy Yiuf
  2437 | D:3      | Found a shimmering blue altar of Sif Muna.
  3001 | D:4      | Noticed a black bear
  3030 | D:4      | Gained mutation: Your magical nature lets you fly swiftly
                  | and evasively. [Tengu growth]
  3030 | D:4      | Reached XP level 5. HP: 7/30 MP: 3/10
  3148 | D:3      | Became a worshipper of Sif Muna the Loreminder
  3152 | D:4      | Noticed a phantom
  3167 | D:4      | Learned a level 4 spell: Airstrike
  3290 | D:4      | Killed a phantom
  3291 | D:4      | Reached skill level 6 in Air Magic
  3295 | D:4      | Identified a scroll of acquirement
  3387 | D:4      | Reached skill level 7 in Air Magic
  3387 | D:4      | Reached XP level 6. HP: 35/35 MP: 6/11
  3924 | D:4      | Reached skill level 8 in Air Magic
  4029 | D:4      | Reached XP level 7. HP: 39/40 MP: 1/13
  4186 | D:4      | Noticed Robin
  4318 | D:4      | Reached * piety under Sif Muna
  4323 | D:4      | Acquired Sif Muna's Exposition on Minerals and Battling
  4348 | D:4      | Killed Robin
  4539 | D:4      | Reached skill level 9 in Air Magic
  4578 | D:5      | Entered Level 5 of the Dungeon
  5035 | D:5      | Reached skill level 5 in Spellcasting
  5035 | D:5      | Reached XP level 8. HP: 44/44 MP: 3/16
  5222 | D:5      | Reached skill level 10 in Air Magic
  5593 | D:5      | Reached skill level 1 in Invocations
  7104 | D:6      | Reached XP level 9. HP: 49/52 MP: 2/17
  7200 | D:6      | Upgraded the game from 0.30-a0-190-g22c9a3c0ff to
                  | 0.30-a0-218-gedb9141078
  7265 | D:6      | Reached skill level 5 in Invocations
  7292 | D:6      | Identified the +7 quarterstaff "Wab Ugac" {antimagic, rC+
                  | Int+6}
  8078 | D:6      | Reached skill level 1 in Shields
  8583 | D:6      | Reached ** piety under Sif Muna
  8657 | D:6      | Reached skill level 11 in Air Magic
  9319 | D:7      | Found a staircase to the Ecumenical Temple.
  9415 | D:7      | Reached skill level 12 in Air Magic
  9572 | D:7      | Found a large runed translucent door.
  9572 | D:7      | Found a large runed translucent door.
  9593 | D:7      | Reached XP level 10. HP: 58/58 MP: 1/18
  9754 | D:2      | Killed Crazy Yiuf
 10207 | D:7      | Reached skill level 5 in Conjurations
 10437 | D:7      | Found a white marble altar of Elyvilon.
 10552 | D:7      | Reached *** piety under Sif Muna
 10680 | D:7      | Noticed a two-headed ogre
 10687 | D:7      | Killed a two-headed ogre
 11642 | D:7      | Found a sacrificial altar of Ru.
 11645 | D:7      | Found a stormy altar of Qazlal.
 12186 | D:8      | Reached skill level 1 in Armour
 12249 | D:8      | Learned a level 5 spell: Lightning Bolt
 12861 | D:8      | Noticed Joseph
 12875 | D:8      | Killed Joseph
 12878 | D:8      | Reached skill level 10 in Conjurations
 12982 | D:8      | Reached skill level 5 in Fighting
 13002 | D:8      | Reached skill level 1 in Evocations
 13011 | D:8      | Noticed Maurice
 13070 | D:8      | Reached XP level 11. HP: 63/63 MP: 12/21
 13192 | D:8      | Found a staircase to the Lair.
 13229 | D:8      | Found Uco Atid's General Store.
 13234 | D:8      | Bought a ring of poison resistance for 200 gold pieces
 13312 | D:8      | Maurice changed into Maurice the spriggan
 13312 | D:8      | Noticed Maurice
 13313 | D:8      | Killed Maurice the spriggan
 13782 | Lair:1   | Entered Level 1 of the Lair of Beasts
 13941 | Lair:1   | You are sucked into a shaft and drop 1 floor!
 14412 | Lair:1   | Noticed a death yak
 14412 | Lair:1   | Noticed a death yak
 14561 | Lair:1   | Killed a death yak
 14572 | Lair:1   | Killed a death yak
 14781 | Lair:1   | Learned a level 3 spell: Kindle Blastsparks
 14942 | Lair:1   | Slain by a wolf

Illustrated notes

Levels and vault maps discovered:
D:1:      onia_arrival_pyramid, layout_loops_ring,
          hellmonk_ecumenical_altar_inner_sanctum
D:2:      layout_loops_ring, uniq_crazy_yiuf_cottage
D:3:      layout_basic, general_overflow_altar
D:4:      layout_gridville, uniq_robin
D:5:      layout_basic, nicolae_grassy_gnolls
D:6:      layout_loops_ring
D:7:      layout_basic, nicolae_elyvilon_peaceful_grove, jmf_multi_god_temple2,
          minmay_temple_entry_offerings
D:8:      layout_basic, due_lair_maze_entry_diamond, serial_shops, shop,
          fountainhead, uniq_maurice, uniq_joseph
Lair:1:   layout_cave_pods
Lair:2:   layout_small_grid, skrybe_swamp_entry_bodies

Skill      XL: |  1  2  3  4  5  6  7  8  9 10 11 |
---------------+----------------------------------+-----
Air Magic      | 5 7 8 9 10 12 | 12.0
Fighting       | 1 2 4 5 |  5.0
Conjurations   | 2 3 10 | 10.0
Spellcasting   | 3 5 6 7 |  7.0
Invocations    | 4 6 8 |  8.0
Dodging        | 3 |  3.0
Shields        | 3 |  3.0
Armour         | 2 |  2.0
Evocations     | 1 3 |  3.0
Fire Magic     | 3 |  3.0
Stealth        | |  2.0

Action                   |  1- 3 |  4- 6 |  7- 9 | 10-12 || total
-------------------------+-------+-------+-------+-------++-------
Melee: Short sword       |     4 |       |       |       ||     4
       Quarterstaff      |       |    11 |       |       ||    11
       Kick              |       |     5 |    11 |    13 ||    29
       Spear             |       |       |    21 |       ||    21
       Dagger            |       |       |    25 |       ||    25
       War axe           |       |       |     9 |    40 ||    49
       Peck              |       |       |     5 |    14 ||    19
       Punch             |       |       |     1 |       ||     1
 Cast: Shock             |    66 |    77 |    30 |    17 ||   190
       Static Discharge  |       |    20 |    33 |    38 ||    91
       Swiftness         |       |     1 |       |       ||     1
       Airstrike         |       |       |    98 |    76 ||   174
       Lightning Bolt    |       |       |       |     9 ||     9
       Kindle Blastspark |       |       |       |     2 ||     2
Invok: Channel Magic     |       |       |       |     1 ||     1
Evoke: Wand              |       |       |     1 |    17 ||    18
  Use: Scroll            |       |    10 |    11 |     2 ||    23
       Potion            |       |     1 |     4 |     2 ||     7
Armor: Robe              |     6 |     7 |    16 |    14 ||    43
Dodge: Dodged            |    13 |    26 |    75 |    67 ||   181
Block: Buckler           |       |       |     4 |    23 ||    27

Table legend: (Time is in decaauts)
 A = Elapsed time spent in this place.
 B = Non-inter-level travel time spent in this place.
 C = Inter-level travel time spent in this place.
 D = Time resting spent in this place.
 E = Time spent auto-exploring this place.
 F = Levels seen in this place.
 G = Mean time per level.
                   A        B        C        D        E       F      G
               +--------+--------+--------+--------+--------+-----+--------+
         Total |  14485 |  13719 |    766 |   4050 |   7666 |  10 | 1448.5 |
       Dungeon |  13374 |  12635 |    739 |   3539 |   7356 |   8 | 1671.8 |
          Lair |   1110 |   1083 |     27 |    510 |    310 |   2 |  555.0 |
               +--------+--------+--------+--------+--------+-----+--------+

Top non-repeatable levels by time:
     D:7: 2603 daAuts
     D:5: 2583 daAuts
     D:6: 1905 daAuts
     D:4: 1861 daAuts
     D:8: 1439 daAuts
     D:3: 1045 daAuts
     D:1: 1021 daAuts
  Lair:1: 943 daAuts
     D:2: 915 daAuts
  Lair:2: 167 daAuts
